 Dungeon Crawl Stone Soup version 0.29-a0-323-g050149af67 (webtiles) character file.

Game seed: 10088123649337476920

16407 kae the Zephyrmancer (level 12, -3/122 HPs)
             Began as an Ogre Air Elementalist on Apr 10, 2022.
             Was an Initiate of Gozag.
             Slain by a catoblepas (5 damage)
             ... while petrified by a catoblepas
             ... on level 3 of the Lair of Beasts.
             The game lasted 00:18:28 (25251 turns).

kae the Zephyrmancer (Ogre Air Elementalist)       Turns: 25251, Time: 00:18:29

Health: -3/122     AC:  7    Str: 15    XL:     12   Next: 37%
Magic:  30/33      EV:  1    Int: 20    God:    Gozag
Gold:   1916       SH:  0    Dex:  9    Spells: 18/28 levels left

rFire   . . .      SeeInvis .   j - staff of air
rCold   . . .      Faith    .   (no shield)
rNeg    + + +      Spirit   .   a - +1 robe
rPois   ∞          Reflect  .   (helmet restricted)
rElec   +          Harm     .   b - +2 cloak {rCorr}
rCorr   +          Rampage  .   (gloves unavailable)
Will    +....                   (boots unavailable)
Stlth   +.........              (no amulet)
HPRegen 0.30/turn               l - ring of poison resistance
MPRegen 0.23/turn               e - ring of magical power

@: sluggish, petrified, very slow
A: large, unfitting armour, tough skin 1
a: Renounce Religion, Potion Petition, Call Merchant, Bribe Branch


You were on level 3 of the Lair of Beasts.
You worshipped Gozag.
Gozag was most pleased with you.
You visited 3 branches of the dungeon, and saw 15 of its levels.
You also visited: Ossuary.

You collected 2635 gold pieces.
You spent 292 gold pieces at shops.
You paid 427 gold pieces to Gozag.

Inventory:

Missiles
 d - a throwing net
Armour
 a - a +1 robe (worn)
 b - a +2 cloak of preservation (worn)
Magical Staves
 f - a staff of earth
 j - a staff of air (weapon)
Jewellery
 e - a ring of magical power (right hand)
 l - a ring of poison resistance (left hand)
 p - a ring of flight
 w - a ring of resist corrosion
 y - the ring of Nuol {Will++ rCorr}
   (You found it on level 8 of the Dungeon)

   [ring of resist corrosion]

   rCorr:     It protects you from acid and corrosion.
   Will:      It greatly increases your willpower.
 J - a ring of willpower
Wands
 t - a wand of acid (9)
 u - a wand of iceblast (3)
 F - a wand of charming (3)
 M - a wand of paralysis (7)
Scrolls
 k - 3 scrolls of blinking
 m - 5 scrolls of enchant armour
 o - 5 scrolls of teleportation
 q - 2 scrolls of fear
 x - 6 scrolls of identify
 H - a scroll of holy word
 I - a scroll of fog
 L - a scroll of magic mapping
Potions
 c - 4 potions of degeneration
 g - 7 potions of curing
 h - 3 potions of cancellation
 i - 3 potions of attraction
 n - 5 potions of haste
 r - 4 potions of heal wounds
 s - 3 potions of might
 v - 3 potions of mutation
 z - 3 potions of lignification
 A - a potion of brilliance
 B - 3 potions of flight
 C - 3 potions of invisibility
 D - a potion of ambrosia
 E - 2 potions of berserk rage
 G - a potion of magic
 K - 2 potions of resistance


   Skills:
 + Level 8.5 Fighting
 + Level 6.5 Staves
 + Level 6.2 Dodging
 - Level 1.4 Stealth
 + Level 8.5 Spellcasting
 + Level 6.8 Conjurations
 * Level 10.3 Air Magic
 + Level 5.4 Evocations


You had 18 spell levels left.
You knew the following spells:

 Your Spells              Type           Power      Damage    Failure   Level
a - Shock                 Conj/Air       100%       1d9       1%          1
b - Static Discharge      Conj/Air       59%        N/A       1%          2
c - Swiftness             Air            66%        N/A       1%          3
d - Airstrike             Air            33%        N/A       1%          4

Your spell library contained the following spells:

 Spells                   Type           Power      Damage    Failure   Level
 Stone Arrow              Conj/Erth      44%        3d9       6%          3
 Sandblast                Erth           16%        2d6       9%          1
 Summon Small Mammal      Summ           32%        N/A       9%          1
 Passwall                 Tmut/Erth      6%         N/A       12%         2
 Call Canine Familiar     Summ           8%         N/A       24%         3
 Gell's Gravitas          Tloc           8%         N/A       24%         3
 Inner Flame              Hex/Fire       8%         N/A       24%         3
 Lesser Beckoning         Tloc           8%         N/A       24%         3
 Summon Guardian Golem    Hex/Summ       8%         N/A       24%         3
 Teleport Other           Tloc           8%         N/A       24%         3
 Animate Armour           Summ/Erth      16%        N/A       63%         4
 Cause Fear               Hex            4%         N/A       63%         4
 Blade Hands              Tmut           4%         N/A       92%         5
 Iron Shot                Conj/Erth      11%        9d3       97%         6
 Discord                  Hex            4%         N/A       100%        8


Dungeon Overview and Level Annotations

Branches:
Dungeon (11/15)            Temple (1/1) D:4            Lair (3/6) D:8
 Shoals (0/4) Lair:3          Orc (0/2) D:9         Ossuary (visited)
  Snake: Lair:2-4    Spider: Lair:2-4

Altars:
Ashenzari
Cheibriados
Dithmenos
Elyvilon
Fedhas
Gozag
Hepliaklqana
Kikubaaqudgha
Makhleb
Nemelex Xobeh
Okawaru
Qazlal
Ru
Sif Muna
Trog
Uskayaw
Vehumet
Wu Jian
Yredelemnul
Zin
The Shining One
Beogh

Shops:
D:7 !(*[=?   D:8 [

Annotations:
D:5 5 runed translucent doors
D:9 3 runed translucent doors, exclusion: obsidian statue, Joseph; sanka's ghost, journeyman GnCA


Innate Abilities, Weirdness & Mutations

You are too large for most types of armour.
You have tough skin. (AC +1)


Message History

Confirm with . or Enter, or press ? or * to list all spells.
Aiming: Airstrike (mildly dangerous; 1% risk of failure)
Press: ? - help, Dir - move target, f/p - catoblepas
Aim: a catoblepas (heavily wounded, empty space bonus: 7/8)
Okay, then.
Casting: Airstrike (mildly dangerous; 1% risk of failure)
Confirm with . or Enter, or press ? or * to list all spells.
You feel a surge of power!
You feel quick.
The catoblepas breathes a plume of calcifying dust at you.
The blast of calcifying dust hits you.
The catoblepas breathes a plume of calcifying dust at you.
The blast of calcifying dust hits you!
The catoblepas breathes a plume of calcifying dust at you.
The blast of calcifying dust hits you.
Really walk into that cloud of calcifying dust?
You are engulfed in calcifying dust.
You are slowing down.
There is a stone staircase leading up here.
You are engulfed in calcifying dust.
Your limbs have turned to stone.
You have turned to stone.
You are engulfed in calcifying dust. x2
You start to feel a little slower.
The catoblepas gores you! The catoblepas gores you!!
* * * LOW HITPOINT WARNING * * *
The catoblepas breathes a plume of calcifying dust at you.
The blast of calcifying dust hits you.
* * * LOW HITPOINT WARNING * * *
You are engulfed in calcifying dust.
The catoblepas gores you!!
* * * LOW HITPOINT WARNING * * *
You are engulfed in calcifying dust.
You feel sluggish. The catoblepas gores you!!
* * * LOW HITPOINT WARNING * * *
You are engulfed in calcifying dust.
The catoblepas breathes a plume of calcifying dust at you.
The blast of calcifying dust hits you.
You are engulfed in calcifying dust.
The catoblepas gores you!
You die...
Your body crumbles into a pile of gold.

...........####..#
...........# ##.#
......♣♣♣#.#####.####
...♣♣♣. ♣...##.#.##.#
♣♣♣♣ ♣♣♣♣♣.....[...#
♣♣♣ ♣♣ ♣.♣♣.#...#.##
♣.♣ ♣. ♣.♣ ♣♣♣#§##..#
.. .♣.♣♣. ##§.#.##
♣♣♣♣.♣.♣.♣ ♣.@...##
.♣..♣♣.♣.♣♣♣♣ ♣.Y....#
.♣..♣♣♣...♣.♣♣#....#.#
...........♣♣♣.......#
≈≈≈≈≈..♣≈≈≈≈≈≈≈......#
≈≈≈≈≈≈≈≈≈≈≈≈≈≈≈..#...#
≈≈≈≈≈≈≈≈≈≈≈≈≈≈≈..#.#.#
♣§≈≈≈≈≈≈≈≈≈≈♣♣♣#.....##
Y♣♣♣.♣.♣.♣.♣♣
♣....#..##


You could see a catoblepas.

Vanquished Creatures
  A two-headed ogre (D:9)
  A tengu warrior (D:9)
  Pikel (D:5)
  Maurice (D:9)
  A black mamba (Lair:1)
  4 cane toads
  3 rime drakes
  A tengu conjurer (D:9)
  4 komodo dragons
  A troll (D:9)
  A slime creature (D:10)
  A dream sheep (Lair:3)
  12 yaks
  2 wraiths (D:10)
  6 wyverns
  2 basilisks
  2 steam dragons
  An acid dragon (D:8)
  11 water moccasins
  A black bear (Lair:1)
  An ice beast (D:5)
  2 sky beasts
  4 orc warriors
  An ogre (D:4)
  7 centaurs
  12 wolves
  2 lemures
  5 kobold brigands
  14 bullfrogs
  3 necrophages
  A scorpion (D:5)
  2 water moccasin zombies (Ossuary)
  6 killer bees (D:9)
  7 howler monkeys
  An electric eel (Lair:3)
  3 vampire bats (D:5)
  3 hounds
  6 orc priests
  A jelly (D:5)
  Jessica (D:2)
  6 iguanas
  5 orc wizards
  2 mummies (Ossuary)
  3 gnolls
  5 adders
  A river rat (Lair:3)
  A white imp (D:8)
  3 adder zombies (Ossuary)
  A worm (D:2)
  2 dart slugs
  39 orcs
  4 ball pythons
  5 bats
  A bat skeleton (D:5)
  5 bat zombies (D:5)
  8 endoplasms
  2 giant cockroaches
  2 gnoll zombies (Ossuary)
  6 goblins
  5 hobgoblins
  4 jackals (D:4)
  5 quokkas
  2 frilled lizards (D:3)
  9 hobgoblin zombies (Ossuary)
  23 kobolds
  7 kobold zombies (Ossuary)
  5 orc zombies (Ossuary)
  5 rats
  2 rat zombies (D:8)
307 creatures vanquished.

Vanquished Creatures (others)
  2 wolves (Lair:3)
  24 fungi (Lair:3)
  57 plants
83 creatures vanquished.

Grand Total: 390 creatures vanquished

Notes
Turn   | Place    | Note
-------+----------+-------------------------------------------
     0 | D:1      | kae the Ogre Air Elementalist began the quest for the Orb.
     0 | D:1      | Reached XP level 1. HP: 16/16 MP: 3/3
   118 | D:1      | Reached skill level 1 in Conjurations
   290 | D:1      | Reached XP level 2. HP: 18/24 MP: 3/5
   359 | D:1      | Reached skill level 3 in Air Magic
  1132 | D:2      | Reached XP level 3. HP: 19/31 MP: 1/7
  1340 | D:2      | Learned a level 2 spell: Static Discharge
  1605 | D:2      | Learned a level 3 spell: Swiftness
  1997 | D:1      | Reached XP level 4. HP: 18/39 MP: 1/8
  2483 | D:2      | Noticed Jessica
  2487 | D:2      | Killed Jessica
  2488 | D:2      | Reached skill level 4 in Air Magic
  2493 | D:2      | Reached XP level 5. HP: 45/45 MP: 1/10
  2846 | D:3      | Found a blossoming altar of Fedhas.
  3844 | D:4      | Reached XP level 6. HP: 9/51 MP: 1/11
  4101 | D:4      | Found a hide-covered altar of Uskayaw.
  4249 | D:4      | Reached skill level 5 in Air Magic
  4487 | D:4      | Learned a level 4 spell: Airstrike
  4992 | D:4      | Found a staircase to the Ecumenical Temple.
  5548 | Temple   | Entered the Ecumenical Temple
  5753 | Temple   | Became a worshipper of Gozag Ym Sagoz the Greedy
  5824 | D:5      | Entered Level 5 of the Dungeon
  5833 | D:5      | Reached XP level 7. HP: 59/59 MP: 8/13
  6263 | D:5      | Reached skill level 1 in Fighting
  6352 | D:5      | Reached skill level 1 in Staves
  6352 | D:5      | Reached skill level 1 in Evocations
  6530 | D:5      | Found the +9 staff of Olgreb {rPois∞}
  6537 | D:5      | Found a runed translucent door.
  6543 | D:5      | Found a runed translucent gate.
  6543 | D:5      | Found a runed translucent gate.
  6543 | D:5      | Noticed a redback
  6544 | D:5      | Found a runed translucent door.
  6758 | D:5      | Found a runed translucent gate.
  6758 | D:5      | Noticed a redback
  7246 | D:5      | Found an ancient bone altar of Kikubaaqudgha.
  7249 | D:5      | Reached XP level 8. HP: 72/72 MP: 6/15
  7437 | D:5      | Noticed Pikel
  7799 | D:5      | Killed Pikel
  7800 | D:5      | Reached skill level 5 in Spellcasting
  7800 | D:5      | Reached skill level 6 in Air Magic
  8377 | D:6      | Found an ornate altar of the Wu Jian Council.
  8697 | D:6      | Found a shimmering blue altar of Sif Muna.
  9020 | D:7      | Found Wawnigh's Jewellery Shoppe.
  9030 | D:6      | Reached XP level 9. HP: 66/83 MP: 9/17
  9144 | D:7      | Found Luxuvoas's Antique Weapon Shoppe.
  9147 | D:7      | Found Zin's Purification Station.
  9159 | D:7      | Found a glowing silver altar of Zin.
  9439 | D:7      | Found a burning altar of Makhleb.
  9487 | D:7      | Found Xuwn's Magic Scroll Shop.
  9490 | D:7      | Bought a scroll of identify for 28 gold pieces
 10325 | D:7      | Found Sias's Antique Armour Emporium.
 10342 | D:7      | Reached skill level 7 in Air Magic
 10800 | D:7      | Found Ebeentim's Distillery.
 10804 | D:7      | Bought a potion of lignification for 33 gold pieces
 10804 | D:7      | Bought a potion of brilliance for 44 gold pieces
 11149 | D:7      | HP: 4/85 [orc warrior/+0 flail (3)]
 11157 | D:7      | HP: 3/85 [/static electricity (3)]
 11166 | D:7      | Bought a runed cloak for 187 gold pieces
 11379 | D:8      | Found Hyf Fudi's Armour Boutique.
 11431 | D:8      | Found a sand-covered staircase.
 11438 | Ossuary  | Entered an ossuary
 11950 | Ossuary  | Reached skill level 5 in Fighting
 12124 | D:8      | Identified the ring of Nuol {Will++ rCorr}
 12987 | D:8      | Reached XP level 10. HP: 95/96 MP: 15/19
 13238 | D:8      | You fall into a shaft and drop 3 floors!
 13292 | D:11     | Reached skill level 5 in Conjurations
 13363 | D:10     | Entered Level 10 of the Dungeon
 13369 | D:9      | Noticed Maurice
 13373 | D:9      | Killed Maurice
 13595 | D:9      | Noticed a tengu warrior
 13673 | D:10     | Found a white marble altar of Elyvilon.
 13696 | D:9      | Reached skill level 8 in Air Magic
 13955 | D:8      | Found a staircase to the Lair.
 14344 | D:9      | Noticed a two-headed ogre
 14350 | D:9      | Killed a two-headed ogre
 14444 | D:9      | Found a snail-covered altar of Cheibriados.
 15005 | D:9      | Noticed Joseph
 15078 | D:9      | Found a staircase to the Orcish Mines.
 15721 | D:9      | Killed a tengu warrior
 15722 | D:9      | Reached skill level 5 in Staves
 15722 | D:9      | Reached skill level 5 in Dodging
 15722 | D:9      | Reached XP level 11. HP: 76/107 MP: 6/21
 15899 | D:9      | Found a runed translucent gate.
 15899 | D:9      | Found a runed translucent gate.
 15899 | D:9      | Found a runed translucent gate.
 15900 | D:9      | Found an opulent altar of Gozag.
 15901 | D:9      | Noticed an obsidian statue
 15901 | D:9      | Noticed sanka's ghost (journeyman GnCA)
 16213 | D:10     | Noticed a death knight
 17047 | D:10     | HP: 1/109 [death knight/+2 glaive of freezing (15)]
 18891 | D:10     | Reached skill level 9 in Air Magic
 19375 | D:10     | Found a basalt altar of Yredelemnul.
 19699 | D:10     | Noticed an orc knight
 19890 | Lair:1   | Entered Level 1 of the Lair of Beasts
 20234 | Lair:1   | Found a glowing silver altar of Zin.
 22560 | Lair:2   | Reached skill level 5 in Evocations
 22889 | Lair:3   | Noticed a catoblepas
 23125 | Lair:3   | Reached XP level 12. HP: 119/119 MP: 24/24
 23382 | Lair:3   | Reached skill level 10 in Air Magic
 24410 | Lair:3   | Found a staircase to the Shoals.
 25249 | Lair:3   | HP: 1/122 [catoblepas (13)]
 25251 | Lair:3   | Slain by a catoblepas

Illustrated notes

Levels and vault maps discovered:
D:1:      eino_arrival_water_cross, layout_loops_corners, serial_aquarium,
          aquarium_bridge_straight [aquarium_subvault_bridge,
          aquarium_subvault_wall, aquarium_subvault_bridge,
          aquarium_subvault_window], aquarium_window_corner,
          aquarium_window_fake, aquarium_window_2, aquarium_view_2b,
          aquarium_pool_side, grunt_decor_cap, st_stairs_6
D:2:      layout_basic, uniq_jessica
D:3:      layout_basic, fedhas_altar_3
D:4:      layout_basic, nicolae_overflow_crystal_walls, lemuel_temple_firewalk_b
D:5:      layout_loops_cross, kennysheep_vampire_church,
          kennysheep_decorative_pillar, minmay_guarded_unrand_staff_of_olgreb,
          uniq_pikel
D:6:      layout_rooms, mainiacjoe_overflow_cross_hatched, led_sif_pool
D:7:      layout_loops_ring, zin_purify,
          mainiacjoe_overflow_concentric_impassable, serial_shops,
          nicolae_stop_n_shop_2, nicolae_stop_n_shop_2, nicolae_take_the_stairs,
          kennysheep_mini_moat, shop
D:8:      layout_loops_ring, erik_lair_dragon, serial_shops, shop,
          enter_ossuary_4
D:9:      layout_basic, mainiacjoe_overflow_six_doors_small,
          minmay_orc_entry_temple_small, ebering_ghost_gozag, uniq_joseph,
          uniq_maurice
D:10:     layout_roguey, yredelemnul_altar_generic, lemuel_crystal_altar,
          kb_xom_exploding_sheep, minmay_diamond_spiral
D:11:     layout_grid_maze, serial_ice, serial_ice_g, serial_ice_a,
          serial_ice_i, serial_ice_h, uniq_snorg
Temple:   minmay_temple_curvy_loop
Lair:1:   layout_chaotic_city, lemuel_centaur_altar
Lair:2:   layout_concentric_octagons, beast_lair_carwin_3
Lair:3:   layout_loops_ring, shoals_dummy_entry, gauntlet_entry_generic, pond,
          wad_woods_river_01, infiniplex_staircase_pool

Skill      XL: |  1  2  3  4  5  6  7  8  9 10 11 12 |
---------------+-------------------------------------+-----
Conjurations   | 1 2 3 4 5 6 |  6.8
Air Magic      | 3 4 5 6 7 8 9 10 | 10.3
Spellcasting   | 3 4 5 6 7 8 |  8.5
Fighting       | 1 3 5 6 8 |  8.5
Dodging        | 2 3 4 5 6 |  6.2
Staves         | 1 2 3 5 6 |  6.5
Evocations     | 1 2 3 4 5 |  5.4
Stealth        | |  1.4

Action                   |  1- 3 |  4- 6 |  7- 9 | 10-12 || total
-------------------------+-------+-------+-------+-------++-------
Melee: Staff             |    22 |    12 |   124 |    39 ||   197
       Punch             |       |       |     4 |     1 ||     5
 Cast: Shock             |    47 |   128 |    94 |    39 ||   308
       Static Discharge  |     3 |     5 |    93 |    64 ||   165
       Airstrike         |       |       |    49 |   256 ||   305
       Swiftness         |       |       |     1 |     3 ||     4
Invok: Potion Petition   |       |       |       |     1 ||     1
Evoke: Wand              |       |       |       |     3 ||     3
  Use: Scroll            |     3 |     8 |     5 |     5 ||    21
       Potion            |       |       |     6 |       ||     6
 Stab: Invisible         |       |       |     2 |     1 ||     3
       Sleeping          |       |       |     1 |       ||     1
Armor: Robe              |    12 |    10 |    86 |    72 ||   180
Dodge: Dodged            |    26 |    24 |   154 |   126 ||   330

Table legend: (Time is in decaauts)
 A = Elapsed time spent in this place.
 B = Non-inter-level travel time spent in this place.
 C = Inter-level travel time spent in this place.
 D = Time resting spent in this place.
 E = Time spent auto-exploring this place.
 F = Levels seen in this place.
 G = Mean time per level.
                   A        B        C        D        E       F      G
               +--------+--------+--------+--------+--------+-----+--------+
         Total |  25360 |  24653 |    707 |   6830 |  14730 |  16 | 1585.0 |
       Dungeon |  19061 |  18503 |    558 |   5128 |  11073 |  11 | 1732.8 |
        Temple |    240 |    196 |     44 |      0 |    191 |   1 |  240.0 |
          Lair |   5407 |   5304 |    103 |   1549 |   3101 |   3 | 1802.3 |
       Ossuary |    651 |    651 |      0 |    153 |    364 |   1 |  651.0 |
               +--------+--------+--------+--------+--------+-----+--------+

Top non-repeatable levels by time:
     D:9: 4722 daAuts
     D:5: 2193 daAuts
     D:8: 2108 daAuts
  Lair:1: 2051 daAuts
     D:4: 2004 daAuts
  Lair:3: 1966 daAuts
     D:7: 1542 daAuts
     D:1: 1513 daAuts
  Lair:2: 1390 daAuts
     D:6: 1361 daAuts
     D:2: 1225 daAuts
    D:10: 1208 daAuts
     D:3: 1057 daAuts
 Ossuary: 651 daAuts
  Temple: 240 daAuts
